[Event "Lilla Elite Hotels Open 2023"]
[Site "Elite Stadshotellet, Kungsgatan 6, Vaxjo, Sweden"]
[Date "2023.02.10"]
[Round "1.1"]
[White "Martin, Leopold"]
[Black "Steffert, Goran"]
[Result "1-0"]
[TimeControl "15 minutes + 5 seconds per move from move one (Round 1 - 4) / 90 minutes + 30 seconds per move from move one (Round 5 - 8)"]
[WhiteFideId "1746308"]
[BlackFideId "1743376"]
[WhiteElo "1293"]
[BlackElo "1574"]

1. e4 e5 2. Nf3 Nc6 3. Bb5 d6 4. O-O Nf6 5. Bxc6+ bxc6 6. Nc3 Be7 7. d3 O-O 8. d4 exd4 9.
Nxd4 c5 10. Nf5 Be6 11. Re1 Re8 12. Nd5 Nxd5 13. Qg4 Bxf5 14. exf5 Bf6 15. Bh6 Qd7 16. h4 Kh8 17. Bg5 Bxb2 18.
Rxe8+ Rxe8 19. Rb1 Nf6 20. Bxf6 Bxf6 21. h5 h6 22. Qh3 Re5 23. g4 Qe7 24. f4 Re1+ 25. Rxe1 Qxe1+ 26. Qf1 Bd4+ 27.
Kg2 Qd2+ 28. Kh3 Qe3+ 29. Kg2 Qd2+ 30. Kh3 Qxc2 31. Qf3 Qxa2 32. g5 c4 33. Qa8+ Kh7 34. g6+ fxg6 35. fxg6# 1-0

[Event "Lilla Elite Hotels Open 2023"]
[Site "Elite Stadshotellet, Kungsgatan 6, Vaxjo, Sweden"]
[Date "2023.02.10"]
[Round "1.2"]
[White "Dingertz, Filip"]
[Black "Dahlin, Emil"]
[Result "1-0"]
[TimeControl "15 minutes + 5 seconds per move from move one (Round 1 - 4) / 90 minutes + 30 seconds per move from move one (Round 5 - 8)"]
[WhiteFideId "1757288"]
[BlackFideId "1771035"]
[WhiteElo "1571"]
[BlackElo "1291"]

1. c4 e5 2. Nc3 Nf6 3. g3 Bc5 4. Bg2 Nc6 5. e3 d6 6. Nge2 Bf5 7. d4 Bb4 8. dxe5 dxe5 9. O-O O-O 10.
a3 Bxc3 11. Nxc3 Qxd1 12. Rxd1 Rad8 13. Rxd8 Rxd8 14. e4 Bg6 15. Bg5 h6 16. Bxf6 gxf6 17. Nd5 Kg7 18. Kf1 Rd7 19. Bh3 Rd8 20. Bg2 Rd7 21. Rd1 Nd4 22.
Bh3 Rd8 23. Nxc7 Bxe4 24. Nb5 a6 25. Nxd4 Rxd4 26. Rxd4 exd4 27. c5 Kf8 28. Bc8 Ke7 29. Ke2 Kd8 30. Bg4 Bg6 31. f4 Be4 32.
Bf3 d3+ 33. Ke3 Bxf3 34. Kxf3 d2 35. Ke2 d1=Q+ 36. Kxd1 Kc7 37. Kd2 Kc6 38. b4 a5 39. Kd3 axb4 40. axb4 f5 41. Kc4 f6 42. b5+ Kd7 43. Kd5 h5 44. c6+ bxc6+ 45.
bxc6+ Ke7 46. h4 Kd8 47. Ke6 Kc7 48. Kxf6 Kxc6 49.
Kxf5 Kd7 50. Kg6 Ke7 51.
f5 Kf8 52. Kxh5 Kf7 53. Kg5 Kg7 54.
f6+ Kf7 55. h5 Kg8 56. Kg6 Kh8 57. h6 Kg8 58. f7+ Kf8 59.
h7 Ke7 60. h8=Q Kd6 61. f8=Q+ Kd5 62. Qf4 Ke6 63. Qhf6+ Kd5 64. Q4d4# 1-0

[Event "Lilla Elite Hotels Open 2023"]
[Site "Elite Stadshotellet, Kungsgatan 6, Vaxjo, Sweden"]
[Date "2023.02.10"]
[Round "2.1"]
[White "Lyngsjo, Luke"]
[Black "Dingertz, Filip"]
[Result "1/2-1/2"]
[TimeControl "15 minutes + 5 seconds per move from move one (Round 1 - 4) / 90 minutes + 30 seconds per move from move one (Round 5 - 8)"]
[WhiteFideId "1755811"]
[BlackFideId "1757288"]
[WhiteElo "1391"]
[BlackElo "1571"]

1. e4 e5 2. Nf3 Nc6 3. Bc4 Bc5 4. c3 Nf6 5. d3 O-O 6. Bb3 h6 7. Nbd2 d5 8. O-O Bg4 9. Bc2 Re8 10. Re1 a6 11. Nf1 dxe4 12.
dxe4 Qxd1 13. Bxd1 Rad8 14. h3 Bh5 15. Ng3 Bg6 16. Bc2 b5 17. Be3 Bxe3 18. Rxe3 Nh5 19. Nxh5 Bxh5 20. g4 Bg6 21.
Ree1 f6 22. Rad1 Na5 23. b3 Nb7 24. Nh4 Bf7 25. Nf5 Be6 26. f3 g6 27. Ne3 Nd6 28. Nd5 Bxd5 29. Rxd5 Nf7 30. Red1 Rd6 31.
b4 Red8 32. Bb3 Kg7 33. Kf2 Kf8 34. c4 c6 35. Rxd6 Rxd6 36. Rxd6 Nxd6 37. c5 Nb7 38.
Be6 a5 39. a3 axb4 40. axb4 Ke7 41. Bb3 Nd8 42. Ke3 g5 43. Kf2 Nb7 44. Kg3 Nd8 45. Kf2 1/2-1/2

[Event "Lilla Elite Hotels Open 2023"]
[Site "Elite Stadshotellet, Kungsgatan 6, Vaxjo, Sweden"]
[Date "2023.02.10"]
[Round "2.2"]
[White "Mendys, Tommy"]
[Black "Gultekin, Ece"]
[Result "1-0"]
[TimeControl "15 minutes + 5 seconds per move from move one (Round 1 - 4) / 90 minutes + 30 seconds per move from move one (Round 5 - 8)"]
[WhiteFideId "1762869"]
[BlackFideId "1772945"]
[WhiteElo "1563"]
[BlackElo "1368"]

1. e4 e5 2. Nf3 Nc6 3. Bb5 a6 4. Ba4 Bc5 5. c3 b5 6. Bb3 d6 7. O-O Na5 8. Bc2 Nc6 9. d4 exd4 10.
cxd4 Bb6 11. h3 d5 12. exd5 Qxd5 13. Re1+ Nge7 14. Bb3 Qd8 15. Ng5 Be6 16. d5 h6 17. Nxe6 fxe6 18. dxc6 Qb8 19.
Qd7+ Kf8 20. Qxe6 1-0

[Event "Lilla Elite Hotels Open 2023"]
[Site "Elite Stadshotellet, Kungsgatan 6, Vaxjo, Sweden"]
[Date "2023.02.10"]
[Round "3.1"]
[White "Gunnare, William"]
[Black "Mendys, Tommy"]
[Result "1-0"]
[TimeControl "15 minutes + 5 seconds per move from move one (Round 1 - 4) / 90 minutes + 30 seconds per move from move one (Round 5 - 8)"]
[WhiteFideId "1774433"]
[BlackFideId "1762869"]
[WhiteElo "1457"]
[BlackElo "1563"]

1. d4 Nf6 2. c4 e6 3. Nf3 d5 4.
g3 b6 5.
Bg2 Bb7 6. O-O Be7 7. Qc2 O-O 8. Bf4 c5 9. Rd1 Nc6 10. Nc3 Nb4 11. Qb1 Qc8 12. a3 Nc6 13. cxd5 Nxd5 14. Nxd5 exd5 15.
dxc5 Bxc5 16. Rxd5 Ne7 17. Rd1 Ng6 18. Bd2 Qe6 19. e3 Be4 20. Ng5 Bxb1 21. Nxe6 fxe6 22. Bxa8 Rxa8 23. Raxb1 Ne5 24.
Bc3 Nf3+ 25. Kg2 Ng5 26. Rd7 Rf8 27. Rxg7+ 1-0

[Event "Lilla Elite Hotels Open 2023"]
[Site "Elite Stadshotellet, Kungsgatan 6, Vaxjo, Sweden"]
[Date "2023.02.10"]
[Round "3.2"]
[White "Truskavetska, Solomia"]
[Black "Johansson, Sigge"]
[Result "1-0"]
[TimeControl "15 minutes + 5 seconds per move from move one (Round 1 - 4) / 90 minutes + 30 seconds per move from move one (Round 5 - 8)"]
[WhiteFideId "1744658"]
[BlackFideId "1742612"]
[WhiteElo "1558"]
[BlackElo "1405"]

1. e4 c5 2. Nf3 g6 3. d4 cxd4 4. Nxd4 Bg7 5. Be3 Nf6 6. Nc3 Nc6 7. Bc4 O-O 8. f3 a6 9. O-O e6 10. Nxc6 bxc6 11. Na4 d5 12. Bb6 Qe8 13. Bb3 Nd7 14.
exd5 cxd5 15. Re1 Rb8 16. Bc7 Rb7 17. Bd6 Qd8 18. Bxf8 Qxf8 19. Qd2 Nc5 20. Nc3 Bd7 21. Kh1 a5 22. a3 Nxb3 23. cxb3 Rxb3 24. Rab1 Qb8 25. Nd1 a4 26. Re3 Rb5 27. Nc3 d4 28. Nxb5 dxe3 29. Qxd7 Qe5 30. Nd6 Qf4 31. Qe8+ Bf8 32.
Qxf7+ Qxf7 33. Nxf7 Kxf7 34. b4 axb3 35. Rxb3 e2 36. Re3 Bc5 37. Rxe2 Bxa3 38. Ra2 Bd6 39. Ra7+ Kg8 40. Rd7 Bb4 41. Rb7 Bc3 42.
f4 e5 43. Rc7 Bd4 44. Rd7 Ba1 45. Rd1 Bb2 46. fxe5 Bxe5 47. g3 Kg7 48. Rd7+ Kh6 49. Kg2 Bc3 50. Kf3 Bb2 51. Ke4 g5 52.
Kf5 Bc1 53. Rc7 Bd2 54. Rc6+ Kg7 55. Rc7+ Kh6 56. Rd7 Bc1 57. Rd6+ Kg7 58. Rd7+ Kh6 59. Ke6 Kg6 60. Ke5 Bb2+ 61.
Ke6 Bc1 62. Rd5 Be3 63. Ke7 Bg1 64.
h3 Be3 65. g4 Kg7 66. Ke8 Kg8 67. Re5 Bd2 68. Ke7 Kg7 69. Ke6 Kg6 70. Rd5 Be3 71. Rd8 Kg7 72. Kf5 Bc1 73. Rd7+ Kg8 74.
Rd6 Kg7 75. Re6 Bd2 76. Rc6 Bf4 77. Rc4 Be3 78. Ke4 Bd2 79. Rc5 Kf6 80. Rc7 Kg6 81. Kf3 Kh6 82. Rd7 Bf4 83. Rd1 Kg6 84.
Rh1 Bd2 85. Rd1 Bf4 86. h4 Bb8 87.
Rb1 Bf4 88. Rb6+ Kg7 89. Ke4 Bd2 90. Rd6 Bc1 91. Rc6 Bd2 92. Rc7+ Kg8 93. Rd7 Bc1 94. Rc7 Bd2 95. Kd3 Bf4 96. Rc8+ Kg7 97. Ke4 Bd2 98. Rc7+ Kg8 99. hxg5 Bxg5 100. Kf5 h6 101. Kg6 Kf8 102. Rh7 Kg8 103. Rg7+ Kf8 104. Rh7 Kg8 105. Rc7 Kf8 106. Rc8+ Ke7 107. Rh8 Ke6 108. Rxh6 Bd2 109. Kg7+ Ke7 110. Kh7 Kf7 111. Rg6 Bc3 112. Rc6 Bd4 113. g5 Bb2 114. g6+ Kf8 115. Rc7 Be5 116. g7+ Bxg7 117. Rxg7 1-0

[Event "Lilla Elite Hotels Open 2023"]
[Site "Elite Stadshotellet, Kungsgatan 6, Vaxjo, Sweden"]
[Date "2023.02.10"]
[Round "4.1"]
[White "Gunnare, William"]
[Black "Truskavetska, Solomia"]
[Result "0-1"]
[TimeControl "15 minutes + 5 seconds per move from move one (Round 1 - 4) / 90 minutes + 30 seconds per move from move one (Round 5 - 8)"]
[WhiteFideId "1774433"]
[BlackFideId "1744658"]
[WhiteElo "1457"]
[BlackElo "1558"]

1. d4 d5 2. c4 c6 3. Nf3 Nf6 4. g3 g6 5. Bg2 Bg7 6. O-O O-O 7. Qc2 Bf5 8. Qb3 Qb6 9. c5 Qxb3 10.
axb3 Na6 11. Ne5 Nb4 12. Na3 Ne4 13. f3 Nxc5 14. dxc5 Bxe5 15. Bd2 Bd4+ 16. Kh1 Bxc5 17. e4 dxe4 18.
fxe4 Be6 19. Nc4 Nd3 20. h4 Bxc4 21. bxc4 Nxb2 22. Bh6 Rfe8 23. Rab1 Bd4 24. Bc1 Nxc4 25. Rxb7 Ne3 0-1

[Event "Lilla Elite Hotels Open 2023"]
[Site "Elite Stadshotellet, Kungsgatan 6, Vaxjo, Sweden"]
[Date "2023.02.10"]
[Round "4.2"]
[White "Dingertz, Gustav"]
[Black "Tronsson, Martin"]
[Result "1/2-1/2"]
[TimeControl "15 minutes + 5 seconds per move from move one (Round 1 - 4) / 90 minutes + 30 seconds per move from move one (Round 5 - 8)"]
[WhiteFideId "1767917"]
[BlackFideId "1775057"]
[WhiteElo "1536"]
[BlackElo "1306"]

1. e4 e5 2. Nf3 Nc6 3. d4 exd4 4. Bc4 Nf6 5. e5 Ng8 6. O-O d5 7. Bb5 Bc5 8. Nxd4 Nge7 9. Nc3 O-O 10.
Bxc6 Nxc6 11. Nxc6 bxc6 12. Bf4 Bf5 13. Ne2 Rb8 14. Rb1 Bg4 15. Qd3 Qh4 16. Bg3 Qh5 17. Nf4 Qf5 18. Qxf5 Bxf5 19.
b3 Rfe8 20. Nd3 Bxd3 21. cxd3 Bd4 22. Kh1 Rb6 23. Rbc1 Bb2 24. Rc2 Bd4 25. f4 h6 26. Bf2 Bxf2 27. Rfxf2 f6 28. d4 a5 29.
Rf1 f5 30. Rc5 Ra6 31. Rfc1 Re6 32. h3 g5 33. g3 Kf7 34. Kg2 Ke7 35. Kf3 Kd7 36. g4 fxg4+ 37. hxg4 gxf4 38. Kxf4 a4 39.
R5c2 axb3 40. axb3 Rb6 41. Rb2 Rb4 42. Ke3 Rg6 43. Rg1 Rg5 44. Rbb1 Ke6 45. Kd3 c5 46. dxc5 Rgxg4 47. Rxg4 Rxg4 48.
Rh1 Rg6 49. Rh5 Rg3+ 50. Kd4 Rg4+ 51. Kd3 Rg3+ 52. Kd4 Rg4+ 53. Kd3 Rg3+ 1/2-1/2

[Event "Lilla Elite Hotels Open 2023"]
[Site "Elite Stadshotellet, Kungsgatan 6, Vaxjo, Sweden"]
[Date "2023.02.11"]
[Round "5.1"]
[White "Truskavetska, Solomia"]
[Black "Sandgren, Per-Olov"]
[Result "1-0"]
[TimeControl "15 minutes + 5 seconds per move from move one (Round 1 - 4) / 90 minutes + 30 seconds per move from move one (Round 5 - 8)"]
[WhiteFideId "1744658"]
[BlackFideId "1713884"]
[WhiteElo "1558"]
[BlackElo "1482"]

1. e4 e5 2. Nf3 Nc6 3. Bb5 a6 4. Ba4 Nf6 5. O-O b5 6. Bb3 Be7 7. c3 d6 8. h3 Na5 9. Bc2 c5 10.
d4 cxd4 11. cxd4 Qc7 12. Nc3 exd4 13. Nxd4 O-O 14. Bf4 Re8 15. Re1 Nc4 16. Nd5 Nxd5 17. exd5 Bd7 18. Rc1 Qb6 19. Qd3 g6 20.
b3 Na3 21. Bd1 Bf6 22. Rxe8+ Rxe8 23. Be3 Qb7 24. Qd2 Qxd5 25. Bf3 Qe5 26. Qb4 Bg5 27. Bxg5 Qxg5 28. Qxa3 Qd2 29. Nc2 Bf5 30.
Ne3 Rxe3 31. fxe3 Qxe3+ 32. Kh1 1-0

[Event "Lilla Elite Hotels Open 2023"]
[Site "Elite Stadshotellet, Kungsgatan 6, Vaxjo, Sweden"]
[Date "2023.02.11"]
[Round "5.2"]
[White "Lyngsjo, Luke"]
[Black "Dingertz, Gustav"]
[Result "1-0"]
[TimeControl "15 minutes + 5 seconds per move from move one (Round 1 - 4) / 90 minutes + 30 seconds per move from move one (Round 5 - 8)"]
[WhiteFideId "1755811"]
[BlackFideId "1767917"]
[WhiteElo "1391"]
[BlackElo "1536"]

1. e4 c5 2. Nf3 e6 3. c3 d5 4. exd5 exd5 5. Bb5+ Nc6 6. d4 Nf6 7. O-O Be7 8. Ne5 Qc7 9. Re1 O-O 10.
Bf4 Bd6 11. Bxc6 bxc6 12. dxc5 Bxc5 13. b4 Bd6 14. Nd2 Re8 15. Ndf3 Nh5 16. Ng6 Rxe1+ 17. Qxe1 Be6 18. Bxd6 Qxd6 19.
Nge5 Re8 20. Qd2 Bd7 21. Re1 Nf6 22. Qd4 Qc7 23. Re3 Bc8 24. Nd3 Re4 25. Qc5 Nd7 26. Qa5 Qb6 27. Qxb6 axb6 28.
Nde5 Nxe5 29. Nxe5 Rxe3 30. fxe3 Bb7 31. Nd7 b5 32. Kf2 f6 33. Ke2 Bc8 34. Nb8 Bb7 35. Kd3 Kf7 36. Kd4 Ke6 37.
Kc5 g5 38. Nxc6 Bc8 39. Kxb5 Kd6 40. Kb6 Bf5 41. a4 Be4 42. g3 h5 43. a5 f5 44. a6 d4 45. Nxd4 Ba8 46. Nxf5 Ke5 47.
Nh6 1-0

[Event "Lilla Elite Hotels Open 2023"]
[Site "Elite Stadshotellet, Kungsgatan 6, Vaxjo, Sweden"]
[Date "2023.02.11"]
[Round "6.1"]
[White "Truskavetska, Solomia"]
[Black "Lyngsjo, Luke"]
[Result "0-1"]
[TimeControl "15 minutes + 5 seconds per move from move one (Round 1 - 4) / 90 minutes + 30 seconds per move from move one (Round 5 - 8)"]
[WhiteFideId "1744658"]
[BlackFideId "1755811"]
[WhiteElo "1558"]
[BlackElo "1391"]

1. e4 e5 2. Nf3 Nf6 3. Nxe5 d6 4. Nf3 Nxe4 5. d4 d5 6. Bd3 Bf5 7. O-O Bd6 8. Nc3 O-O 9. Re1 Re8 10.
Ng5 Nxc3 11. Rxe8+ Qxe8 12. bxc3 Bxd3 13. cxd3 f6 14. Nf3 Qh5 15. Qb3 b6 16. Ba3 Bxa3 17. Qxa3 Nc6 18. Qa4 Qe8 19.
Qb5 Rd8 20. c4 Qd7 21. Rc1 Ne7 22. Qb3 c6 23. h3 Ng6 24. cxd5 cxd5 25. Nd2 Nf4 26. Re1 Re8 27. Rxe8+ Qxe8 28. g3 Qe1+ 29. Nf1 Nxh3+ 30. Kg2 Qxf2+ 31. Kxh3 Qxf1+ 32. Kh2 Qf2+ 33.
Kh3 Qf5+ 34. Kg2 Qe6 35. Qa4 a5 36. Qc2 Kf7 37. Qc7+ Kg6 38. a4 Qe2+ 39. Kh3 Qf1+ 40. Kh4 Qf5 41.
g4 Qf2+ 42. Kh3 Qxd4 43. Qd7 Qxd3+ 44. Kh4 Qe4 45. Kh3 d4 46. Qb5 Qe5 47. Qb1+ Kg5 48. Qxh7 Qe3+ 49. Kh2 Qf2+ 50. Kh1 Qh4+ 0-1

[Event "Lilla Elite Hotels Open 2023"]
[Site "Elite Stadshotellet, Kungsgatan 6, Vaxjo, Sweden"]
[Date "2023.02.11"]
[Round "6.2"]
[White "Steffert, Goran"]
[Black "Gunnare, William"]
[Result "0-1"]
[TimeControl "15 minutes + 5 seconds per move from move one (Round 1 - 4) / 90 minutes + 30 seconds per move from move one (Round 5 - 8)"]
[WhiteFideId "1743376"]
[BlackFideId "1774433"]
[WhiteElo "1574"]
[BlackElo "1457"]

1. d4 Nf6 2. Bf4 e6 3. Nf3 c5 4. e3 Qb6 5. Qc1 Nc6 6. c3 h6 7. Bd3 Nh5 8. Bg3 Nxg3 9. fxg3 Be7 10.
Nbd2 d5 11. O-O O-O 12. a3 cxd4 13. cxd4 e5 14. Bc2 exd4 15. exd4 Nxd4 16. Kh1 Nxf3 17. Nxf3 Bf6 18. Rb1 Be6 19.
Bd3 Rac8 20. Qd2 Rc7 21. h4 Qd6 22. Kh2 Bg4 23. Qf2 Bxf3 24. Qxf3 Bxh4 25. Qg4 Bg5 26. Qf5 g6 27. Qf3 Re8 28.
Bc2 Re3 29. Qf2 d4 30. Rbe1 Bh4 31. Rxe3 dxe3 32. Qxe3 Qxg3+ 33. Qxg3 Bxg3+ 34. Kxg3 Rxc2 35. Rb1 Kg7 0-1

[Event "Lilla Elite Hotels Open 2023"]
[Site "Elite Stadshotellet, Kungsgatan 6, Vaxjo, Sweden"]
[Date "2023.02.12"]
[Round "7.1"]
[White "Lyngsjo, Luke"]
[Black "Mendys, Tommy"]
[Result "0-1"]
[TimeControl "15 minutes + 5 seconds per move from move one (Round 1 - 4) / 90 minutes + 30 seconds per move from move one (Round 5 - 8)"]
[WhiteFideId "1755811"]
[BlackFideId "1762869"]
[WhiteElo "1391"]
[BlackElo "1563"]

1. e4 e5 2. Nf3 Nc6 3. Bc4 Nf6 4. Ng5 d5 5. exd5 Na5 6. Bb5+ c6 7. dxc6 bxc6 8. Be2 h6 9. Nf3 e4 10.
Ne5 Qd4 11. f4 Bc5 12. Rf1 Bb6 13. c3 Qd6 14. b4 Nb7 15. Na3 Nd5 16. Nac4 Qf6 17. Nxb6 axb6 18. g3 O-O 19. Bc4 Nd6 20.
Qe2 Nxc4 21. Qxc4 Ba6 22. Qb3 Bxf1 23. Nd7 Qf5 24. Nxf8 Bd3 25. c4 Qh3 26. Qxd3 exd3 27. Bb2 Qg2 0-1

[Event "Lilla Elite Hotels Open 2023"]
[Site "Elite Stadshotellet, Kungsgatan 6, Vaxjo, Sweden"]
[Date "2023.02.12"]
[Round "7.2"]
[White "Gunnare, William"]
[Black "Dingertz, Filip"]
[Result "1/2-1/2"]
[TimeControl "15 minutes + 5 seconds per move from move one (Round 1 - 4) / 90 minutes + 30 seconds per move from move one (Round 5 - 8)"]
[WhiteFideId "1774433"]
[BlackFideId "1757288"]
[WhiteElo "1457"]
[BlackElo "1571"]

1. d4 Nf6 2. Nf3 e6 3. c4 b6 4.
Bg5 Bb7 5. e3 h6 6. Bh4 Be7 7. Bd3 d5 8. Nc3 O-O 9. O-O Ne4 10. Bxe7 Qxe7 11. Bxe4 dxe4 12. Nd2 f5 13. f3 exf3 14.
Nxf3 Nd7 15. Qe2 Nf6 16. Ne5 Kh7 17. a3 c5 18. b4 cxb4 19. axb4 Qxb4 20. Nb5 Qe7 21. Nxa7 Ne4 22. Nb5 g5 23.
Qh5 Qg7 24. Qe2 g4 25. Nd3 Rae8 26. Ra7 Re7 27. Nf2 g3 28. Nxe4 gxh2+ 29. Kh1 Bxe4 30. Rfa1 Rff7 31. Rxe7 Rxe7 32.
Nc3 Bc6 33. Rb1 Qg3 34. Rxb6 Bxg2+ 35. Qxg2 Qe1+ 36. Kxh2 Rg7 37. Rb7 Qh4+ 38. Kg1 Qe1+ 1/2-1/2

[Event "Lilla Elite Hotels Open 2023"]
[Site "Elite Stadshotellet, Kungsgatan 6, Vaxjo, Sweden"]
[Date "2023.02.12"]
[Round "8.1"]
[White "Mendys, Tommy"]
[Black "Truskavetska, Solomia"]
[Result "1-0"]
[TimeControl "15 minutes + 5 seconds per move from move one (Round 1 - 4) / 90 minutes + 30 seconds per move from move one (Round 5 - 8)"]
[WhiteFideId "1762869"]
[BlackFideId "1744658"]
[WhiteElo "1563"]
[BlackElo "1558"]

1. e4 c5 2. Nf3 Nc6 3. Bb5 d6 4. O-O Bd7 5. Re1 g6 6. c3 Bg7 7. d4 cxd4 8. cxd4 Nf6 9. Nc3 O-O 10. h3 a6 11. Bf1 Rc8 12.
e5 Ne8 13. Bf4 dxe5 14. dxe5 Nc7 15. Qd2 Ne6 16. Bh6 Nb4 17. Bxg7 Nxg7 18. Re4 Nc6 19. Rd1 Be6 20. Qh6 Nf5 21.
Qf4 Qb6 22. g4 Qxb2 23. gxf5 Nxe5 24. Nxe5 Bxf5 25. Rc4 Be6 26. Rxc8 Rxc8 27. Nd5 Bxd5 28. Rxd5 f6 29. Ng4 h5 30.
Ne3 b5 31. Rd7 Kf7 32. Qe4 Qa3 33. Nd5 Re8 34. Nf4 Rg8 35. Qd5+ Kg7 36. Rd8 Rxd8 37. Qxd8 Qb4 38. Nd5 Qd2 39. Qxe7+ Kh6 40. Qf8+ Kg5 41.
Qxf6+ Kh6 42. Qf8+ Kg5 43. h4+ Kg4 44. Ne3+ Qxe3 45. fxe3 g5 46. Be2+ Kxh4 47. Qf2+ Kh3 48. Qh2# 1-0

[Event "Lilla Elite Hotels Open 2023"]
[Site "Elite Stadshotellet, Kungsgatan 6, Vaxjo, Sweden"]
[Date "2023.02.12"]
[Round "8.2"]
[White "Gunnare, William"]
[Black "Lyngsjo, Luke"]
[Result "1-0"]
[TimeControl "15 minutes + 5 seconds per move from move one (Round 1 - 4) / 90 minutes + 30 seconds per move from move one (Round 5 - 8)"]
[WhiteFideId "1774433"]
[BlackFideId "1755811"]
[WhiteElo "1457"]
[BlackElo "1391"]

1. d4 Nf6 2. c4 g6 3. Nc3 Bg7 4.
e4 d6 5.
Be2 O-O 6. Nf3 e5 7. d5 Ne8 8. O-O f5 9. Bg5 Bf6 10. Bxf6 Nxf6 11. Bd3 f4 12. b4 Bg4 13. Be2 Bxf3 14.
Bxf3 Qc8 15. Rc1 g5 16. h3 Kg7 17. c5 Qd7 18. Bg4 Nxg4 19. Qxg4 Qxg4 20. hxg4 Na6 21. Nb5 Rf6 22. cxd6 cxd6 23.
Rc4 Kf8 24. Rfc1 Ke8 25. Nc7+ Nxc7 26. Rxc7 Rf7 27. Rxf7 Kxf7 28. Rc7+ Kg6 29. Rd7 a5 30. b5 Rc8 31. Rxd6+ Kf7 32.
Rd7+ Ke8 33. Rxb7 Rc1+ 34. Kh2 Rc2 35. Rxh7 Rxa2 36. b6 Kd8 37. b7 Rb2 38. d6 1-0